 Dungeon Sprint DCSS version 0.27-a0-808-g60bc5d92e6 (webtiles) character file.

Game seed: 13343792506277160215

52215 mhtbhm the Shatterer (level 14, -4/170 HPs)
             Began as a Troll Berserker on Mar 29, 2021.
             Was the Champion of Trog.
             Killed from afar by an ironbound thunderhulk (21 damage)
             ... with a bolt of lightning
             ... in the Dungeon (Sprint IX: "|||||||||||||||||||||||||||||").
             The game lasted 00:12:32 (3242 turns).

mhtbhm the Shatterer (Troll Berserker)              Turns: 3242, Time: 00:12:34

Health: -4/170     AC: 21    Str: 36    XL:     14   Next: 26%
Magic:  13/13      EV: 11    Int:  3    God:    Trog [******]
Gold:   384        SH:  0    Dex:  9    Spells: 13/13 levels left

rFire    . . .     SeeInvis .   l - +6 giant club of Nuvus {vorpal, Will++ Str+4}
rCold    + . .     Faith    .   (shield currently unavailable)
rNeg     . . .     Spirit   .   b - +1 shadow dragon scales
rPois    .         Reflect  .   (helmet restricted)
rElec    .         Harm     .   k - +0 cloak
rCorr    .         Rampage  .   (gloves unavailable)
Will     +++++     NoTele   +   (boots unavailable)
Stlth    +++.......             (no amulet)
HPRegen  2.38/turn              A - ring of protection from cold
MPRegen  0.13/turn              m - +2 ring of protection

@: berserk cooldown, regenerating
A: large, unfitting armour, claws 3, regeneration 1, shaggy fur 1, tough skin 1
a: Renounce Religion, Berserk, Trog's Hand, Brothers in Arms


You were in the Dungeon.
You worshipped Trog.
Trog was exalted by your worship.
You visited 1 branch You collected 1801 gold pieces.
You spent 1417 gold pieces at shops.

Inventory:

Hand Weapons
 a - a +5 giant spiked club of flaming
 l - the +6 giant club of Nuvus (weapon) {vorpal, Will++ Str+4}
   (Trog gifted it to you in the Dungeon)

   It inflicts extra damage upon your enemies.
   It affects your strength (+4).
   It affects your willpower, your defense against some magical effects.
 B - the +9 morningstar of Responsibility {vorpal, Will++ Int+5}
   (Trog gifted it to you in the Dungeon)

   It inflicts extra damage upon your enemies.
   It affects your intelligence (+5).
   It affects your willpower, your defense against some magical effects.
Missiles
 n - a curare-tipped dart
 o - 25 large rocks (quivered)
 D - 4 javelins
Armour
 b - +1 shadow dragon scales (worn)
 k - a +0 cloak (worn)
Jewellery
 m - a +2 ring of protection (right claw)
 y - a ring of willpower
 A - a ring of protection from cold (left claw)
Wands
 j - a wand of iceblast (5)
Scrolls
 h - 2 scrolls of blinking
 r - 3 scrolls of fear
 s - 3 scrolls of identify
 t - 4 scrolls of enchant weapon
 u - 2 scrolls of fog
 v - 2 scrolls of immolation
 z - 2 scrolls of enchant armour
Potions
 c - 9 potions of curing
 d - 4 potions of heal wounds
 e - 2 potions of haste
 f - 4 potions of magic
 g - 3 potions of berserk rage
 i - a potion of invisibility
 p - 3 potions of might
 q - 5 potions of mutation
 w - a potion of resistance
 x - 5 potions of attraction
 C - a potion of flight {unknown}


   Skills:
 + Level 18.5 Fighting
 + Level 22.7 Maces & Flails
 + Level 1.1 Throwing
 + Level 10.4 Armour
 + Level 12.8 Dodging
 - Level 2.1 Stealth
 + Level 2.4 Evocations


You had 13 spell levels left.
You didn't know any spells.
Your spell library was empty.

Dungeon Overview and Level Annotations

Branches:
Dungeon (1/1)

Altars:
Cheibriados
Dithmenos
Elyvilon
Fedhas
Gozag
Hepliaklqana
Kikubaaqudgha
Makhleb
Nemelex Xobeh
Okawaru
Qazlal
Ru
Sif Muna
Trog
Uskayaw
Vehumet
Wu Jian
Xom
Yredelemnul
Zin
The Shining One
Beogh
Jiyva
Lugonu

Shops:
D *!!*


Innate Abilities, Weirdness & Mutations

You are too large for most types of armour.
You have claws for hands.
Your natural rate of healing is unusually fast.
You are covered in fur. (AC +1)
You have tough skin. (AC +1)


Message History

* * * LOW HITPOINT WARNING * * *
Unknown command.
Unknown command.
You feel much better.
The vault warden hits you but does no damage.
The vault warden hits you with a +0 war axe!!
* * * LOW HITPOINT WARNING * * *
Unknown command.
Unknown command.
You feel much better.
The vault warden activates a sealing rune.
An ironbound thunderhulk comes into view.
It is wielding a +0 dire flail.
The vault sentinel blows a loud note on a signal horn!
You hear a shout!
Unknown command.
You crush the vault warden like a grape!!!
The vault warden is almost dead.
The vault warden hits you with a +0 war axe!
* * * LOW HITPOINT WARNING * * *
Electricity crackles from the ironbound thunderhulk's apparatus.
The bolt of lightning hits you!!
* * * LOW HITPOINT WARNING * * *
The vault sentinel blows a loud note on a signal horn!
The vault warden blocks your attack.
The vault warden is almost dead.
The vault warden hits you but does no damage.
Unknown command.
The vault warden blocks your attack.
The vault warden is almost dead.
The vault warden hits you but does no damage.
The ironbound preserver casts a spell.
The ironbound preserver is healed somewhat.
Unknown command.
The vault warden blocks your attack.
The vault warden is almost dead.
You feel yourself speed up.
The vault warden hits you but does no damage.
Electricity crackles from the ironbound thunderhulk's apparatus.
The bolt of lightning hits you!!
You die...

▓.▓)▓.▓.▓[▓.▓)▓.▓)
▓.▓.▓.▓.▓=▓.▓)▓.▓†
▓.▓.▓.▓.▓.▓.▓)▓.▓†
▓.▓.▓.▓.▓)▓.▓.▓.▓.
▓.▓.▓)▓.▓.▓.▓.▓.▓.
▓.▓.♣'♣.▓.▓.▓.▓.▓.
▓+▓.♣)♣.▓.▓.▓.▓.▓.
▓†▓.♣†♣.▓.▓.▓)▓.▓.
▓@▓.♣.♣.▓.▓.▓.▓.▓.
▓p▓.♣.♣.▓.▓.▓.▓.▓.
▓p▓.♣.♣.▓.▓.▓)▓.▓.
▓p▓.♣.♣.▓.▓.▓)▓.▓†
▓p▓)♣.♣.▓)▓.▓[▓.▓†
▓O▓.♣.♣.▓)▓.▓.▓.▓.
▓p▓.♣.♣.▓)▓.▓.▓.▓.
▓O▓.▓'▓.▓)▓.▓)▓.▓.
▓.▓.▓†▓.▓.▓.▓∩▓.▓.


You could see 3 ironbound preservers, a vault warden (sheltered), 2 ironbound
thunderhulks and a vault sentinel (sheltered).

Vanquished Creatures
  A sphinx (D)
  2 frost giants (D)
  An emperor scorpion (D)
  3 stone giants (D)
  A bunyip (D)
  An ettin (D)
  2 fire dragons (D)
  Erica (D)
  A catoblepas (D)
  A naga warrior (D)
  An ice dragon (D)
  3 hydras (D)
  An ironbound frostheart (D)
  A death knight (D)
  2 ghost crabs (D)
  2 centaur warriors (D)
  2 deep troll shamans (D)
  3 death yaks (D)
  2 tengu warriors (D)
  A naga sharpshooter (D)
  2 orc high priests (D)
  Urug (D)
  Nergalle (D)
  A sea snake (D)
  2 wizards (D)
  A goliath frog (D)
  A swamp dragon (D)
  8 orc knights (D)
  A deep elf pyromancer (D)
  A harpy (D)
  A mana viper (D)
  A necromancer (D)
  An orb spider (D)
  3 ugly things (D)
  2 orc sorcerers (D)
  2 cyclopes (D)
  A manticore (D)
  2 elephants (D)
  2 guardian serpents (D)
  A torpor snail (D)
  A vault sentinel (D)
  A cane toad (D)
  6 black mambas (D)
  2 komodo dragons (D)
  A demonic crawler (D)
  2 tengu conjurers (D)
  2 jumping spiders (D)
  A meliai (shapeshifter) (D)
  A tyrant leech (D)
  A merfolk (D)
  2 wind drakes (D)
  A dream sheep (D)
  2 snapping turtles (D)
  2 slime creatures (D)
  3 redbacks (D)
  A shadow (D)
  7 yaks (D)
  A water elemental (D)
  2 basilisks (D)
  A vampire mosquito (D)
  2 water moccasins (D)
  5 orc warriors (D)
  A black bear (D)
  A centaur (D)
  A kobold brigand (D)
  3 bullfrogs (D)
  A killer bee (D)
  5 orc priests (D)
  2 orc wizards (D)
  An iguana (D)
  A gnoll (D)
  2 adder zombies (D)
  A worm (D)
  15 orcs (D)
  A bat (D)
  A goblin (D)
  A hobgoblin (D)
  A frilled lizard (D)
  A kobold (D)
153 creatures vanquished.

Vanquished Creatures (collateral kills)
  A frost giant (D)
  A stone giant (D)
  An ettin (D)
  2 great orbs of eyes (D)
  A rakshasa (D)
  A death knight (D)
  2 deep troll earth magi (D)
  An orc high priest (D)
  A slime creature (D)
11 creatures vanquished.

Vanquished Creatures (others)
  A wizard (D)
1 creature vanquished.

Grand Total: 165 creatures vanquished

Notes
Turn   | Place    | Note
-------+----------+-------------------------------------------
     0 | D        | mhtbhm the Troll Berserker began the quest for the Orb.
     0 | D        | Reached XP level 1. HP: 22/22 MP: 0/0
     8 | D        | Reached skill level 3 in Maces & Flails
     9 | D        | Reached ** piety under Trog
   163 | D        | Noticed an iguana
   167 | D        | Reached *** piety under Trog
   168 | D        | Reached XP level 2. HP: 31/31 MP: 1/1
   175 | D        | Reached skill level 4 in Maces & Flails
   175 | D        | Reached XP level 3. HP: 39/39 MP: 2/2
   184 | D        | Found a snail-covered altar of Cheibriados.
   184 | D        | Found a shadowy altar of Dithmenos.
   184 | D        | Found a white marble altar of Elyvilon.
   184 | D        | Found a blossoming altar of Fedhas.
   184 | D        | Found an opulent altar of Gozag.
   185 | D        | Found a hazy altar of Hepliaklqana.
   186 | D        | Found a viscous altar of Jiyva.
   187 | D        | Found an ancient bone altar of Kikubaaqudgha.
   188 | D        | Found a corrupted altar of Lugonu.
   189 | D        | Found a burning altar of Makhleb.
   190 | D        | Found a sparkling altar of Nemelex Xobeh.
   191 | D        | Found an iron altar of Okawaru.
   192 | D        | Found a stormy altar of Qazlal.
   193 | D        | Found a sacrificial altar of Ru.
   194 | D        | Found a shimmering blue altar of Sif Muna.
   195 | D        | Found a bloodstained altar of Trog.
   196 | D        | Found a hide-covered altar of Uskayaw.
   197 | D        | Found a radiant altar of Vehumet.
   198 | D        | Found an ornate altar of the Wu Jian Council.
   199 | D        | Found a shimmering altar of Xom.
   200 | D        | Found a basalt altar of Yredelemnul.
   201 | D        | Found a glowing silver altar of Zin.
   202 | D        | Found a glowing golden altar of the Shining One.
   237 | D        | Noticed a killer bee
   237 | D        | Noticed a shadow
   237 | D        | Noticed a yak
   237 | D        | Noticed a kobold brigand
   241 | D        | Killed a killer bee
   241 | D        | Reached **** piety under Trog
   242 | D        | Reached skill level 5 in Maces & Flails
   242 | D        | Reached XP level 4. HP: 49/49 MP: 3/3
   244 | D        | Killed a shadow
   245 | D        | Reached skill level 7 in Maces & Flails
   245 | D        | Reached skill level 5 in Dodging
   245 | D        | Reached XP level 5. HP: 52/59 MP: 4/4
   249 | D        | Killed a yak
   250 | D        | Reached skill level 8 in Maces & Flails
   250 | D        | Reached XP level 6. HP: 44/71 MP: 5/5
   255 | D        | Reached skill level 9 in Maces & Flails
   257 | D        | Reached ***** piety under Trog
   289 | D        | Noticed a slime creature
   289 | D        | Noticed a centaur warrior
   289 | D        | Noticed a vampire mosquito
   289 | D        | Noticed a cyclops
   289 | D        | Noticed a cyclops
   293 | D        | Killed a slime creature
   294 | D        | Reached XP level 7. HP: 80/80 MP: 6/6
   297 | D        | Killed a centaur warrior
   298 | D        | Reached skill level 11 in Maces & Flails
   298 | D        | Reached XP level 8. HP: 92/92 MP: 7/7
   315 | D        | Killed a cyclops
   315 | D        | Identified the +7 dire flail "Elued" {antimagic, +Inv}
                  | (Trog gifted it to you in the Dungeon)
   315 | D        | Received a gift from Trog
   316 | D        | Reached skill level 12 in Maces & Flails
   321 | D        | Killed a cyclops
   322 | D        | Reached skill level 10 in Fighting
   322 | D        | Reached XP level 9. HP: 25/101 MP: 8/8
   485 | D        | Noticed a black mamba
   485 | D        | Noticed a komodo dragon
   485 | D        | Noticed a black mamba
   491 | D        | Reached skill level 13 in Maces & Flails
   492 | D        | Killed a black mamba
   511 | D        | Killed a komodo dragon
   512 | D        | Reached skill level 14 in Maces & Flails
   512 | D        | Noticed a cane toad
   515 | D        | Killed a black mamba
   624 | D        | Killed a cane toad
   624 | D        | Received a gift from Trog
   625 | D        | Reached XP level 10. HP: 78/114 MP: 3/9
   758 | D        | Noticed an elephant
   758 | D        | Noticed an elephant
   762 | D        | Killed an elephant
   763 | D        | Reached skill level 15 in Maces & Flails
   766 | D        | Reached skill level 1 in Stealth
   775 | D        | Killed an elephant
   777 | D        | Reached ****** piety under Trog
   777 | D        | Received a gift from Trog
   815 | D        | Noticed a catoblepas
   815 | D        | Noticed a death yak
   815 | D        | Noticed a death yak
   858 | D        | Noticed a death yak
  1068 | D        | Killed a catoblepas
  1069 | D        | Reached skill level 16 in Maces & Flails
  1071 | D        | Killed a death yak
  1072 | D        | Reached skill level 10 in Dodging
  1075 | D        | Killed a death yak
  1078 | D        | Killed a death yak
  1079 | D        | Reached XP level 11. HP: 124/124 MP: 10/10
  1081 | D        | Reached skill level 17 in Maces & Flails
  1229 | D        | Identified the +6 giant club "Ufouczae" {vorpal, rPois}
                  | (Trog gifted it to you in the Dungeon)
  1229 | D        | Received a gift from Trog
  1231 | D        | Noticed an orc high priest
  1241 | D        | Killed an orc high priest
  1246 | D        | Received a gift from Trog
  1313 | D        | Noticed an orc knight
  1315 | D        | Noticed an orc knight
  1317 | D        | Killed an orc knight
  1324 | D        | Noticed an orc knight
  1332 | D        | Received a gift from Trog
  1333 | D        | Noticed an orc knight
  1335 | D        | Killed an orc knight
  1341 | D        | Killed an orc knight
  1342 | D        | Reached skill level 18 in Maces & Flails
  1441 | D        | Killed an orc knight
  1482 | D        | Identified the +7 giant club of Immorality {vorpal, rF+
                  | Int-4 Dex+4 SInv} (Trog gifted it to you in the Dungeon)
  1482 | D        | Received a gift from Trog
  1520 | D        | Found Giweoku's Assorted Antiques.
  1520 | D        | Noticed an orc sorcerer
  1520 | D        | Noticed an orc knight
  1520 | D        | Noticed an orc sorcerer
  1525 | D        | Noticed a soul eater
  1530 | D        | Killed an orc sorcerer
  1533 | D        | Killed an orc knight
  1534 | D        | Found Giuwk's Distillery.
  1534 | D        | Noticed an orc high priest
  1541 | D        | Killed an orc sorcerer
  1544 | D        | Noticed a soul eater
  1544 | D        | Received a gift from Trog
  1552 | D        | Killed an orc high priest
  1603 | D        | Found Rumib's Distillery.
  1605 | D        | Found Edamufie's General Store.
  1607 | D        | Noticed an orc knight
  1608 | D        | Noticed an orc knight
  1609 | D        | Noticed an orc high priest
  1610 | D        | Noticed an orc knight
  1615 | D        | Killed an orc knight
  1622 | D        | Killed an orc knight
  1627 | D        | Killed an orc high priest
  1632 | D        | Killed an orc knight
  1633 | D        | Reached skill level 19 in Maces & Flails
  1678 | D        | Bought a potion of heal wounds for 55 gold pieces
  1680 | D        | Bought a potion of heal wounds for 60 gold pieces
  1680 | D        | Bought a scroll of immolation for 42 gold pieces
  1680 | D        | Bought a scroll of immolation for 42 gold pieces
  1680 | D        | Bought a scroll of identify for 24 gold pieces
  1680 | D        | Bought a scroll of enchant weapon for 90 gold pieces
  1688 | D        | Bought a potion of curing for 30 gold pieces
  1688 | D        | Bought a potion of heal wounds for 50 gold pieces
  1688 | D        | Bought a potion of resistance for 100 gold pieces
  1688 | D        | Bought a potion of curing for 30 gold pieces
  1688 | D        | Bought a potion of haste for 100 gold pieces
  1688 | D        | Bought a potion of heal wounds for 50 gold pieces
  1688 | D        | Bought a potion of curing for 30 gold pieces
  1688 | D        | Bought a potion of berserk rage for 50 gold pieces
  1690 | D        | Bought a potion of curing for 33 gold pieces
  1690 | D        | Bought a potion of haste for 110 gold pieces
  1690 | D        | Bought a potion of curing for 33 gold pieces
  1690 | D        | Bought a potion of curing for 33 gold pieces
  1690 | D        | Bought a potion of curing for 33 gold pieces
  1690 | D        | Bought a potion of mutation for 88 gold pieces
  1695 | D        | Bought a potion of attraction for 33 gold pieces
  1695 | D        | Bought 2 potions of attraction for 66 gold pieces
  1697 | D        | Bought a potion of attraction for 30 gold pieces
  1697 | D        | Bought a potion of attraction for 30 gold pieces
  1699 | D        | Bought a scroll of identify for 50 gold pieces
  1699 | D        | Bought a scroll of identify for 50 gold pieces
  1699 | D        | Bought a scroll of fog for 50 gold pieces
  1699 | D        | Bought a scroll labelled ZOOROEWNAC for 25 gold pieces
  1872 | D        | Noticed a death knight
  1872 | D        | Noticed a red ugly thing
  1872 | D        | Noticed a centaur warrior
  1872 | D        | Noticed a green ugly thing
  1872 | D        | Noticed a deep elf pyromancer
  1876 | D        | Killed a death knight
  1876 | D        | Received a gift from Trog
  1877 | D        | Reached XP level 12. HP: 90/140 MP: 11/11
  1878 | D        | Noticed a death knight
  1883 | D        | Noticed a rakshasa
  1885 | D        | Killed a centaur warrior
  1886 | D        | Noticed a stone giant
  1887 | D        | Noticed a deep troll earth mage
  1914 | D        | Killed a stone giant
  1918 | D        | Killed a death knight
  1918 | D        | Killed a deep troll earth mage
  1918 | D        | Received a gift from Trog
  1919 | D        | Reached skill level 15 in Fighting
  1924 | D        | Killed a rakshasa
  1988 | D        | Reached skill level 1 in Armour
  1993 | D        | Noticed a tengu warrior
  1999 | D        | Killed a tengu warrior
  2049 | D        | Noticed a fire dragon
  2052 | D        | Noticed a deep troll shaman
  2055 | D        | Killed a fire dragon
  2055 | D        | Identified the +9 morningstar of Responsibility {vorpal,
                  | Will++ Int+5} (Trog gifted it to you in the Dungeon)
  2055 | D        | Received a gift from Trog
  2056 | D        | Reached skill level 20 in Maces & Flails
  2060 | D        | Killed a deep troll shaman
  2150 | D        | Noticed Urug
  2157 | D        | Killed Urug
  2157 | D        | Noticed Nergalle
  2164 | D        | Killed Nergalle
  2331 | D        | Received a gift from Trog
  2332 | D        | Reached skill level 1 in Evocations
  2332 | D        | Noticed a naga warrior
  2342 | D        | Killed a naga warrior
  2350 | D        | Received a gift from Trog
  2443 | D        | Reached XP level 13. HP: 153/153 MP: 12/12
  2443 | D        | Received a gift from Trog
  2516 | D        | Noticed a bunyip
  2520 | D        | Reached skill level 5 in Armour
  2522 | D        | Received a gift from Trog
  2529 | D        | Killed a bunyip
  2534 | D        | Received a gift from Trog
  2535 | D        | Reached skill level 21 in Maces & Flails
  2681 | D        | Noticed an emperor scorpion
  2689 | D        | Killed an emperor scorpion
  2775 | D        | Noticed Erica
  2786 | D        | Killed Erica
  2847 | D        | Noticed a stone giant
  2847 | D        | Noticed a sphinx
  2848 | D        | Noticed a stone giant
  2851 | D        | Received a gift from Trog
  2860 | D        | Noticed a frost giant
  2861 | D        | Killed a stone giant
  2861 | D        | Received a gift from Trog
  2862 | D        | Noticed a stone giant
  2869 | D        | Killed a sphinx
  2870 | D        | Killed a stone giant
  2871 | D        | Reached skill level 22 in Maces & Flails
  2873 | D        | Noticed an ettin
  2879 | D        | Killed a frost giant
  2880 | D        | Killed a stone giant
  2880 | D        | Received a gift from Trog
  2882 | D        | Noticed an ettin
  2883 | D        | Noticed a fire dragon
  2884 | D        | Noticed a frost giant
  2891 | D        | Killed an ettin
  2892 | D        | Reached XP level 14. HP: 61/169 MP: 13/13
  2943 | D        | Killed a frost giant
  2943 | D        | Received a gift from Trog
  3158 | D        | Noticed a frost giant
  3167 | D        | Killed a frost giant
  3168 | D        | Reached skill level 10 in Armour
  3206 | D        | Noticed an ironbound preserver
  3207 | D        | Noticed a vault warden
  3212 | D        | Identified the +6 giant club of Nuvus {vorpal, Will++
                  | Str+4} (Trog gifted it to you in the Dungeon)
  3212 | D        | Received a gift from Trog
  3215 | D        | Reached skill level 1 in Throwing
  3218 | D        | Noticed an ironbound preserver
  3220 | D        | Noticed an ironbound preserver
  3227 | D        | Received a gift from Trog
  3242 | D        | Killed from afar by an ironbound thunderhulk

Illustrated notes

Levels and vault maps discovered:
D:        linesprint [early_d, line_temple, items_1, d_10, items_2, lair_1,
          lair_end, items_3, orc_1, orc_end, items_4, d_15, swamp_1, shoals_1,
          snake_1, spider_1, d_20, vaults_1, items_5, swamp_end, shoals_end,
          snake_end, spider_end, vaults_end, d_27, items_6, zot_1, zot_end,
          crypt_end, forest_end, elf_end, slime_end, tomb_end, abyss_end,
          pan_hell_end]

Skill      XL: |  1  2  3  4  5  6  7  8  9 10 11 12 13 14 |
---------------+-------------------------------------------+-----
Maces & Flails | 3 4 5 7 8 9 11 12 14 16 19 20 22 | 22.7
Fighting       | 3 4 6 7 8 9 10 11 12 14 16 18 | 18.5
Dodging        | 3 4 5 6 7 8 9 10 12 | 12.8
Stealth        | 1 2 |  2.1
Armour         | 4 9 10 | 10.4
Evocations     | 1 2 |  2.4
Throwing       | 1 |  1.1

Action                   |  1- 3 |  4- 6 |  7- 9 | 10-12 | 13-15 || total
-------------------------+-------+-------+-------+-------+-------++-------
Melee: Mace              |    21 |       |       |       |       ||    21
       Morningstar       |     3 |    17 |    26 |       |       ||    46
       Dire flail        |       |       |    43 |       |       ||    43
       Giant spiked club |       |       |       |    61 |   102 ||   163
       Giant club        |       |       |       |   140 |    23 ||   163
Throw: Large rock        |       |       |       |       |     2 ||     2
Invok: Berserk           |     3 |     1 |     2 |    11 |     5 ||    22
       Brothers in Arms  |       |       |       |     3 |     3 ||     6
       Trog's Hand       |       |       |       |       |     1 ||     1
Evoke: Wand              |       |       |       |     2 |     3 ||     5
  Use: Potion            |       |     1 |     2 |     2 |     7 ||    12
       Scroll            |       |       |       |     2 |     1 ||     3
Armor: Animal skin       |     1 |     5 |    15 |    10 |       ||    31
       Shadow dragon sca |       |       |       |    26 |    84 ||   110
Dodge: Dodged            |    14 |     6 |    19 |    58 |    46 ||   143

Table legend: (Time is in decaauts)
 A = Elapsed time spent in this place.
 B = Non-inter-level travel time spent in this place.
 C = Inter-level travel time spent in this place.
 D = Time resting spent in this place.
 E = Time spent auto-exploring this place.
 F = Levels seen in this place.
 G = Mean time per level.
                   A        B        C        D        E       F      G
               +--------+--------+--------+--------+--------+-----+--------+
         Total |   3314 |   3314 |      0 |   1318 |    559 |   1 | 3314.0 |
       Dungeon |   3314 |   3314 |      0 |   1318 |    559 |   1 | 3314.0 |
               +--------+--------+--------+--------+--------+-----+--------+

Top non-repeatable levels by time:
       D: 3314 daAuts
